 Dungeon Crawl Stone Soup version 0.26-a0-667-g92642533e4 (webtiles) character file.

Game seed: 3980440955402322674

22 marklar909 the Vexing (level 3, -2/26 HPs)
             Began as a Formicid Arcane Marksman on Oct 17, 2020.
             Was an Initiate of Okawaru.
             Slain by a bullfrog (6 damage)
             ... on level 2 of the Dungeon.
             The game lasted 00:02:07 (929 turns).

marklar909 the Vexing (Formicid Arcane Marksman)     Turns: 929, Time: 00:02:07

Health: -2/26      AC:  2    Str: 14    XL:     3   Next: 7%
Magic:  4/4        EV: 12    Int: 12    God:    Okawaru [......]
Gold:   50         SH:  0    Dex: 12    Spells: 3/4 levels left

rFire    . . .     SeeInvis +   a - +0 hand crossbow
rCold    . . .     Faith    .   (no shield)
rNeg     . . .     Spirit   .   e - +0 robe
rPois    .         Reflect  .   (helmet unavailable)
rElec    .         Harm     .   (no cloak)
rCorr    .         Rampage  .   (no gloves)
MR       .....                  (no boots)
Stlth    +.........             (no amulet)
HPRegen  0.08/turn              (no ring)
MPRegen  0.09/turn              (no ring)

@: mighty
A: permanent stasis, dig shafts and tunnels, four strong arms, antennae 3
a: Dig, Shaft Self, Renounce Religion


You were on level 2 of the Dungeon.
You worshipped Okawaru.
Okawaru was noncommittal.
You visited 1 branch of the dungeon, and saw 2 of its levels.

You collected 50 gold pieces.

Inventory:

Hand Weapons
 a - a +0 hand crossbow (weapon)
Missiles
 d - 11 bolts (quivered)
Armour
 e - a +0 robe (worn)
 k - a +0 buckler
Jewellery
 b - an uncursed amulet of the acrobat {unknown}
 n - an uncursed amulet of guardian spirit {unknown}
 o - an uncursed ring of wizardry {unknown}
Scrolls
 c - 4 scrolls of identify {unknown}
 f - a scroll of amnesia {unknown}
 m - a scroll of fear {unknown}
 p - 2 scrolls of remove curse {unknown}
 q - a scroll of teleportation {unknown}
Potions
 g - a potion of might
 h - 2 potions of brilliance {unknown}
 i - a potion of lignification {unknown}
 j - 2 potions of ambrosia {unknown}
 l - a potion of curing {unknown}


   Skills:
 + Level 1.1 Fighting
 + Level 2.7 Crossbows
 + Level 1.8 Dodging
 + Level 1.1 Spellcasting
 + Level 4.2 Hexes


You had 3 spell levels left.
You knew the following spells:

 Your Spells              Type           Power        Failure   Level
a - Corona                Hex            ##.....      5%          1

Your spell library contained the following spells:

 Spells                   Type           Power        Failure   Level
 Slow                     Hex            ##......     8%          2
 Inner Flame              Hex/Fire       #.......     36%         3
 Portal Projectile        Hex/Tloc       #.....       36%         3
 Cause Fear               Hex            ##........   45%         4
 Leda's Liquefaction      Hex/Erth       #.........   77%         4


Dungeon Overview and Level Annotations

Branches:
Dungeon (2/15)

Altars:
Okawaru


Innate Abilities, Weirdness & Mutations

You cannot be hasted, slowed, berserked, paralysed or teleported.
You can dig through walls and to a lower floor.
Your four strong arms can wield two-handed weapons with a shield.
You have a pair of large antennae on your head. (SInv)


Message History

You are too injured to fight recklessly!
You are too injured to fight recklessly!
Unknown command.
You are too injured to fight recklessly!
You are now empty-handed.
The bullfrog hits you.
* * * LOW HITPOINT WARNING * * *
You are too injured to fight recklessly!
You are too injured to fight recklessly!
Unknown command.
a - a +0 hand crossbow (weapon)
The bullfrog hits you.
* * * LOW HITPOINT WARNING * * *
Firing (i - inventory)
d - 11 bolts (quivered)
Press: ? - help, Shift-Dir - straight line, f/p - bullfrog
Aim: a bullfrog (lightly wounded)
Okay, then.
It was a potion of might.
You feel very mighty all of a sudden. The bullfrog hits you.
You die...

#.....#....# #.....#
####..##.#....# #†....#
#......#.#....###.....#
#####..#.#....##......++#
#.....†.......##........(.
##.#.#.....#..##.##.......
# #.............# .......
#...####..##### #######
#...#....@#
###.##.#..F....#
...#.........#
####.........#
#........... ##..?.......
#.......... #.........(


You could see a bullfrog.

Vanquished Creatures
  An ooze (D:1)
  3 leopard geckos
  2 bats (D:1)
  2 giant cockroaches
  2 goblins (D:1)
  A kobold (D:1)
  2 frilled lizards (D:1)
  A rat (D:1)
14 creatures vanquished.

Notes
Turn   | Place    | Note
-------+----------+-------------------------------------------
     0 | D:1      | marklar909 the Formicid Arcane Marksman began the quest for
                  | the Orb.
     0 | D:1      | Reached XP level 1. HP: 15/15 MP: 2/2
   111 | D:1      | Found an iron altar of Okawaru.
   256 | D:1      | Reached XP level 2. HP: 18/21 MP: 3/3
   303 | D:1      | Reached skill level 4 in Hexes
   380 | D:1      | Became a worshipper of Warmaster Okawaru
   886 | D:2      | Reached XP level 3. HP: 26/26 MP: 4/4
   922 | D:2      | Noticed a bullfrog
   929 | D:2      | Slain by a bullfrog

Illustrated notes

Levels and vault maps discovered:
D:1:      sevenhm_arrival_forest_fort_large_4, layout_basic,
          okawaru_ov_weapons_minmay
D:2:      layout_basic, minmay_vboxes

Skill      XL: |  1  2 |
---------------+-------+-----
Hexes          | 4 |  4.2
Fighting       | |  1.1
Crossbows      | |  2.7
Dodging        | |  1.8
Spellcasting   | |  1.1

Action                   || total
-------------------------++-------
 Fire: Hand crossbow     ||    43
 Cast: Corona            ||     1
  Use: Potion            ||     1
Armor: Robe              ||     4
Dodge: Dodged            ||    20

Table legend: (Time is in decaauts)
 A = Elapsed time spent in this place.
 B = Non-inter-level travel time spent in this place.
 C = Inter-level travel time spent in this place.
 D = Time resting spent in this place.
 E = Time spent auto-exploring this place.
 F = Levels seen in this place.
 G = Mean time per level.
                   A        B        C        D        E       F      G
               +--------+--------+--------+--------+--------+-----+--------+
         Total |    944 |    909 |     35 |      0 |    759 |   2 |  472.0 |
       Dungeon |    944 |    909 |     35 |      0 |    759 |   2 |  472.0 |
               +--------+--------+--------+--------+--------+-----+--------+

Top non-repeatable levels by time:
     D:1: 898 daAuts
     D:2: 45 daAuts
